 Dungeon Crawl Stone Soup version 0.17.1-1-g73c8601 (webtiles) character file.

660 Badjas the Conjurer (level 7, 0/37 HPs)
             Began as a Gargoyle Fire Elementalist on Dec 29, 2015.
             Slain by a wyvern skeleton (2 damage)
             ... on level 6 of the Dungeon on Dec 30, 2015.
             The game lasted 00:22:00 (5702 turns).

Badjas the Conjurer (Gargoyle Fire Elementalist)    Turns: 5702, Time: 00:22:00

Health: 0/37       AC:  7    Str: 12    XL:     7   Next: 56%
Magic:  7/14       EV: 12    Int: 17    God:
Gold:   251        SH:  0    Dex: 10    Spells: 2 memorised, 12 levels left

rFire  . . .     SeeInvis .     z - +0 blowgun
rCold  . . .     Clarity  .     a - +0 robe
rNeg   + . .     SustAt   .     (no shield)
rPois  ∞         Gourm    .     i - +0 helmet
rElec  +         Spirit   .     (no cloak)
rCorr  .         Warding  .     (no gloves)
rMut   .         Stasis   .     (no boots)
MR     .....                    (no amulet)
Stlth  ++........               (no ring)
                                (no ring)

@: not resistant to hostile enchantments, unstealthy
A: negative energy resistance 1, electricity resistance, unbreathing,
petrification resistance, rot immunity, AC +4
a: no special abilities


You were on level 6 of the Dungeon.
You were hungry.

You visited 1 branch of the dungeon, and saw 6 of its levels.

You collected 251 gold pieces.

Inventory:

Hand Weapons
 z - a +0 blowgun (weapon)
Missiles
 f - 11 silver bolts
 t - 46 stones
 A - 13 poisoned needles (quivered)
 D - 6 steel tomahawks
Armour
 a - a +0 robe (worn)
 i - a +0 helmet (worn)
Wands
 C - a wand of polymorph (22)
Scrolls
 d - a scroll of amnesia {unknown}
 k - a scroll of enchant armour {unknown}
 m - 2 scrolls of immolation {unknown}
 r - 3 scrolls of identify {unknown}
 s - 2 scrolls of remove curse {unknown}
 v - a scroll of fog {unknown}
 w - a scroll of noise {unknown}
 x - a scroll of blinking {unknown}
 y - 2 scrolls of enchant weapon {unknown}
Potions
 e - a potion of mutation {unknown}
 g - a potion of flight {unknown}
 h - 4 potions of curing {unknown}
 l - a potion of invisibility {unknown}
 n - a potion of resistance {unknown}
 o - 2 potions of agility {unknown}
 p - 2 potions of degeneration {unknown}
 q - a potion of heal wounds {unknown}
Books
 b - a book of Flames

   Spells                             Type                      Level
   a - Flame Tongue                   Conjuration/Fire             1
   b - Throw Flame                    Conjuration/Fire             2
   c - Conjure Flame                  Conjuration/Fire             3
   d - Inner Flame                    Hexes/Fire                   3
   e - Sticky Flame                   Conjuration/Fire             4
   f - Fireball                       Conjuration/Fire             5
Comestibles
 c - 6 bread rations
 j - 3 fruits
 B - a slice of pizza
 E - 2 meat rations


   Skills:
 + Level 0.4 Fighting
 + Level 0.5 Throwing
 + Level 2.2 Dodging
 + Level 2.8 Stealth
 + Level 4.7 Spellcasting
 + Level 4.8 Conjurations
 + Level 4.6 Fire Magic


You had 12 spell levels left.
You knew the following spells:

 Your Spells              Type           Power        Failure   Level  Hunger
a - Flame Tongue          Conj/Fire      ###..        2%          1    None
b - Throw Flame           Conj/Fire      ###...       3%          2    #......


Dungeon Overview and Level Annotations

Branches:
Dungeon (6/15)
 Temple: D:4-7

Altars:
Ashenzari
Dithmenos
Gozag
Kikubaaqudgha
Okawaru
Trog
Zin

Annotations:
D:5 Sigmund


Innate Abilities, Weirdness & Mutations

You are resistant to torment.
Your stone body is resilient (AC +4).
You are immune to poison.
You resist negative energy.
You are resistant to electric shocks.
You can survive without breathing.
You are immune to petrification.
You are immune to rotting.


Message History

Press: ? - help, Shift-Dir - straight line, f/p - wyvern skeleton
Aim: a wyvern skeleton The flame tongue hits the wyvern skeleton.
The wyvern skeleton bites you! The wyvern skeleton bites you.
Casting: Flame Tongue
Confirm with . or Enter, or press ? or * to list all spells.
Aiming: Flame Tongue
Press: ? - help, Shift-Dir - straight line, f/p - wyvern skeleton
Aim: a wyvern skeleton The flame tongue hits the wyvern skeleton.
The wyvern skeleton closely misses you. The wyvern skeleton bites you!
* * * LOW HITPOINT WARNING * * *
The wyvern skeleton barely misses you.
Your magical contamination has completely faded away.
The wyvern skeleton bites you but does no damage.
The wyvern skeleton closely misses you. The wyvern skeleton bites you!
* * * LOW HITPOINT WARNING * * *
The wyvern skeleton bites you.
You die...

#..# #..# #..###
... #....# #. o
... ####.##.####
#. .. ..
#....##....###.
.##.#
####.########..##.
.... ##.Z.<#
##.##. .####..
####.@#### #.##.
.......##....##
#.##.
..........####
#..)) #.#.......#
####. ######.....
.. #......# ...
##....... ....
##...... .....
>...## #.....


You could see a wyvern skeleton.

Vanquished Creatures
  A phantom (D:5)
  An ogre (D:4)
  2 centaurs (D:5)
  A jelly (D:4)
  5 orc priests
  4 adders
  2 oozes
  A worm (D:3)
  19 orcs
  4 ball pythons
  7 bats
  8 goblins
  10 hobgoblins
  8 jackals
  A quokka (D:4)
  9 giant cockroaches
  A giant gecko zombie (D:6)
  6 giant newts
  12 kobolds
  A quokka skeleton (D:4)
  6 rats
109 creatures vanquished.

Vanquished Creatures (others)
  An ooze (D:1)
  A toadstool (D:5)
2 creatures vanquished.

Grand Total: 111 creatures vanquished

Notes
Turn   | Place    | Note
--------------------------------------------------------------
     0 | D:1      | Badjas the Gargoyle Fire Elementalist began the quest for the Orb.
     0 | D:1      | Reached XP level 1. HP: 10/10 MP: 3/3
   536 | D:1      | Reached XP level 2. HP: 13/15 MP: 0/5
   944 | D:1      | Learned a level 2 spell: Throw Flame
  1384 | D:1      | Reached XP level 3. HP: 16/19 MP: 0/6
  1905 | D:2      | Reached XP level 4. HP: 24/24 MP: 0/7
  2800 | D:3      | Found a shadowy altar of Dithmenos.
  2913 | D:3      | Reached XP level 5. HP: 26/28 MP: 2/9
  3303 | D:3      | Found a shattered altar of Ashenzari.
  3303 | D:3      | Found a bloodstained altar of Trog.
  3304 | D:3      | Found an opulent altar of Gozag.
  3859 | D:3      | Reached skill level 4 in Fire Magic
  4305 | D:3      | Reached XP level 6. HP: 20/33 MP: 2/11
  4792 | D:4      | Noticed an ogre
  4882 | D:4      | Killed an ogre
  5137 | D:4      | Found a glowing silver altar of Zin.
  5137 | D:4      | Found an iron altar of Okawaru.
  5229 | D:4      | Found an ancient bone altar of Kikubaaqudgha.
  5310 | D:5      | Entered Level 5 of the Dungeon
  5337 | D:5      | Reached XP level 7. HP: 31/37 MP: 6/13
  5380 | D:5      | Noticed Sigmund
  5702 | D:6      | Slain by a wyvern skeleton

Action                   |  1- 3 |  4- 6 |  7- 9 || total
-------------------------+-------+-------+-------++-------
Melee: Unarmed           |    13 |    13 |       ||    26
 Fire: Blowgun           |       |     4 |     1 ||     5
 Cast: Flame Tongue      |    56 |    92 |    16 ||   164
       Throw Flame       |    15 |    57 |     4 ||    76
 Stab: Sleeping          |       |     1 |       ||     1
  Eat: Chunk             |     5 |    12 |       ||    17
       Beef jerky        |       |       |     1 ||     1
